Map: Frozen Temple

Players

Neoniquist - Winner!

  • Race: Protoss Protoss
  • League: Gold

Nickos

  • Race: Terran Terran
  • League: Gold

VOD

Have the link to the VOD?

Description

Time

  • Played on: Sept. 2, 2016, 7:43 a.m.
  • Length: 5:45
Show
View Real Time Build Order
Export as new Build Order

Neoniquist Protoss - Winner!

Build Orders:  

Get SALT Encoding   

  12  0:01  Probe (Chrono Boost)  
  13  0:12  Probe (Chrono Boost)  
  14  0:22  Probe (Chrono Boost), Pylon  
  15  0:40  Probe (Chrono Boost)  
  15  0:41  Gateway  
  16  0:49  Assimilator  
  16  0:50  Probe (Chrono Boost)  
  16  0:54  Assimilator  
  17  1:01  Probe (Chrono Boost)  
  18  1:09  Pylon  
  18  1:15  Probe (Chrono Boost)  
  19  1:25  Probe (Chrono Boost)  
  20  1:34  Cybernetics Core  
  20  1:36  Probe (Chrono Boost)  
  21  1:42  Zealot  
  21  1:46  Probe (Chrono Boost)  
  24  1:57  Probe (Chrono Boost)  
  24  1:59  Warp Gate  
  25  2:04  Gateway  
  25  2:15  Pylon  
  25  2:19  Stalker  
  27  2:37  Robotics Facility  
  27  2:51  Gateway  
  27  3:24  Immortal  
  31  3:45  Mothership Core (Chrono Boost)  
  33  4:02  Adept x2  
  35  4:03  Adept  
  35  4:08  Pylon  
  39  4:12  Pylon  
  39  4:13  Pylon  
  39  4:21  Immortal  
  39  4:28  Pylon  
  39  4:31  Adept x2  
  45  4:32  Adept  
  47  4:55  Adept x3  
  51  5:19  Adept x2  
  51  5:20  Adept  
Show
View Real Time Build Order
Export as new Build Order

Nickos Terran 

Build Orders:  

Get SALT Encoding   

  12  0:01  SCV  
  13  0:13  SCV  
  14  0:18  Supply Depot  
  14  0:25  SCV  
  15  0:40  SCV  
  15  0:41  Barracks  
  16  0:52  SCV  
  17  1:04  SCV  
  18  1:16  SCV  
  19  1:21  Command Center  
  19  1:30  Orbital Command  
  19  1:34  Marine  
  20  1:49  Supply Depot  
  20  1:52  Marine  
  21  1:55  Barracks  
  21  1:58  SCV  
  22  2:09  Marine  
  22  2:11  SCV  
  24  2:17  Barracks  
  24  2:21  Refinery  
  24  2:24  Refinery  
  24  2:27  Marine, SCV  
  26  2:39  Orbital Command  
  26  2:44  Marine  
  26  2:45  SCV, Marine  
  29  2:57  SCV  
  30  3:02  Marine  
  31  3:06  Barracks Tech Lab  
  31  3:07  Barracks Reactor  
  31  3:09  SCV x2  
  33  3:16  Barracks  
  33  3:21  Barracks Reactor, SCV x2  
  33  3:25  Marine  
  36  3:34  Stimpack  
  36  3:39  SCV x2  
  38  3:43  Marine  
  39  3:49  Barracks  
  39  3:50  Marine x2  
  39  3:51  SCV x2  
  43  4:00  Factory  
  43  4:01  Marine  
  44  4:03  SCV x2  
  46  4:17  Supply Depot  
  46  4:20  Supply Depot  
  46  4:38  Barracks Reactor, Marine x5  
  46  4:39  SCV x2  
  46  4:40  Barracks Reactor  
  52  4:51  SCV x2  
  53  4:57  Marine x2  
  49  5:03  SCV, Marine x3  
  49  5:11  Factory Reactor  
  49  5:12  Starport, SCV  
  44  5:15  Marine x4, SCV  
  44  5:16  Marine  
  44  5:20  Marine  
  44  5:21  Marine x3  
  45  5:27  SCV  
Tags
 
Add a new tag
Caveats
  • Supply blocks, unpowered buildings, or Contaminate may cause inaccurate times.
  • Supply counts are checked every 10 seconds.